Cogmind - Beta 14 @@@ ROGUE MODE // 2024.11.18 @ 15:39:53 Player: Duduxx Result: Destroyed by S-27 Virus with Autogun Performance ------------- Evolutions (3) 1500 Regions Visited (9) 1800 Robots Destroyed (44) 220 Value Destroyed (1644) 1644 Prototype IDs (2) 40 Alien Tech Used (0) 0 Bonus (728) 728 TOTAL SCORE: 5932 Bonus ------- Follower Combat Kills 28 Entered Garrisons 200 Used RIF Installer 500 Cogmind --------- Core Integrity 0/700 Matter 240/300 Energy 104/160 System Corruption 69% Temperature Cool (0) Movement Treading (160) Location -7/Lower Caves Parts ------- > --- POWER (2) -------- Light Nuclear Core > --- PROPULSION (4) --- Light Treads > --- UTILITY (5) ------ Improved Heat Sink Improved Light Armor Plating Relay Coupler [NC] (23) Relay Coupler [Grunt] (25) > --- WEAPON (2) ------- Flak Gun > --- INVENTORY (5) ---- Improved Shield Generator Shock Bomb Launcher Peak State ------------ > --- POWER ------------ Light Nuclear Core Micro Nuclear Core > --- PROPULSION ------- Carbon-fiber Leg Carbon-fiber Leg Carbon-fiber Leg Carbon-fiber Leg > --- UTILITY ---------- Improved Heat Sink Small Storage Unit Improved Melee Analysis Suite Target Analyzer Core Analyzer > --- WEAPON ----------- Remote Datajack Axe > --- INVENTORY -------- Micro Nuclear Core Gravmag System Relay Coupler [NC] Relay Coupler [Grunt] Shock Rifle Field Laser Shock Bomb Launcher Maul [Rating: 43] Favorites ----------- Power Light Nuclear Core Engine Ion Engine Power Core Light Nuclear Core Propulsion Carbon-fiber Leg Treads Light Treads Leg Carbon-fiber Leg Hover Unit Gravmag System Utility Small Storage Unit Device Disposable Heat Sink Storage Small Storage Unit Processor Core Analyzer Hackware Relay Coupler [NC] Protection Improved Light Armor Plating Weapon Assault Rifle Energy Gun Field Laser Energy Cannon Advanced Beam Cannon Ballistic Gun Assault Rifle Launcher Shock Bomb Launcher Special Weapon Remote Datajack Impact Weapon Maul Slashing Weapon Axe Special Melee Weapon Datajack Build | -11 -10 -10 -9 -9 -8 -7 -7 -7 -7 ------- Run | Yrd Mat Min Mat Min Mat Fac Gar Fac Low Slots Evolved 6 | . . . 2 . 2 2 . . . Power 1 | . . . . . . 1 . . . Propulsion 2 | . . . 1 . 1 . . . . Utility 3 | . . . 1 . 1 1 . . . Weapon . | . . . . . . . . . . Parts Attached 89 | 6 1 . 16 4 17 3 29 10 3 Power 13 | 1 . . 2 1 3 1 4 . 1 Engine 5 | 1 . . 2 . 2 . . . . Core 8 | . . . . 1 1 1 4 . 1 Reactor . | . . . . . . . . . . Propulsion 28 | 2 . . 6 1 5 1 11 2 . Treads 4 | 2 . . 1 . . . . 1 . Leg 23 | . . . 5 1 5 1 11 . . Wheel . | . . . . . . . . . . Hover 1 | . . . . . . . . 1 . Flight . | . . . . . . . . . . Utility 20 | 1 1 . 2 . 5 1 4 5 1 Device 11 | . . . 2 . 4 . 2 2 1 Storage 1 | 1 . . . . . . . . . Processor 4 | . 1 . . . . 1 2 . . Hackware 2 | . . . . . . . . 2 . Protection 2 | . . . . . 1 . . 1 . Artifact . | . . . . . . . . . . Weapon 28 | 2 . . 6 2 4 . 10 3 1 Energy Gun 9 | . . . 1 . 2 . 5 1 . Energy Cannon 4 | . . . 1 1 1 . 1 . . Ballistic Gun 8 | 2 . . 4 . . . . 1 1 Ballistic Cannon . | . . . . . . . . . . Launcher 2 | . . . . 1 . . 1 . . Special Weapon 1 | . . . . . . . 1 . . Impact Weapon 2 | . . . . . 1 . 1 . . Slashing Weapon 1 | . . . . . . . 1 . . Piercing Weapon . | . . . . . . . . . . Special Melee Weapon 1 | . . . . . . . . 1 . Unidentified Prototypes 2 | . . . 1 . 1 . . . . Corrupted Parts 4 | . . . . 1 1 . 2 . . System Corruption 17 | . . . . 2 1 . 14 . . Parts Lost 41 | . . . . 1 6 . 30 1 3 Power 7 | . . . . . 1 . 6 . . Propulsion 15 | . . . . 1 2 . 11 1 . Utility 10 | . . . . . 1 . 8 . 1 Weapon 9 | . . . . . 2 . 5 . 2 Highest Loss Streak 15 | . . . . 1 3 . 15 1 3 To Critical Strikes 1 | . . . . . . . 1 . . Average Slot Usage (%) 87 | . 91 100 94 98 95 94 91 31 58 Engine 5 | . 14 14 10 3 4 7 1 . . Core 5 | . . . . 8 4 7 12 . . Treads 3 | . 28 28 3 . . . . . 7 Leg 22 | . . . 26 32 32 30 26 . . Device 14 | . . . 17 22 26 23 9 1 13 Storage 8 | . 14 14 11 11 9 7 6 . . Processor 7 | . 6 14 3 . . 1 17 . . Hackware 1 | . . . . . . . . 12 15 Energy Gun 2 | . . . 2 11 2 . 1 6 5 Energy Cannon 4 | . . . 7 10 7 7 2 . . Ballistic Gun 5 | . 28 28 11 . . . . 1 7 Special Weapon 1 | . . . . . . . 3 . . Impact Weapon 1 | . . . . . 7 7 . . . Slashing Weapon 1 | . . . . . . . 4 . . Peak Build Rating 43 | 6 7 7 19 19 30 39 43 22 23 Average Rating 23 | 4 6 7 15 18 22 35 38 11 20 On Entrance 14 | . 6 7 7 19 19 29 39 1 22 Naked Turns 13 | . . . . . . . 13 . . Heaviest Build 36 | 14 14 14 20 20 26 31 36 15 15 Greatest Support 63 | 40 40 40 40 40 53 63 63 20 20 Greatest Overweight (x) 11 | 2 . . . . 1 . 11 2 . Average Overweight (x) . | . . . . . . . . . . Largest Inventory Capacity 8 | 8 8 8 8 8 8 8 8 5 5 Average Capacity 7 | 7 8 8 8 8 8 8 7 5 5 Most Carried 8 | 1 4 5 8 8 8 8 8 4 3 Average Carried 6 | . 2 4 7 7 7 7 6 1 2 Final Capacity 8 | 8 8 8 8 8 8 8 5 5 5 Final Carried 8 | 1 4 5 8 8 8 7 5 2 2 Class Distribution -------------------- 68% | Mutant 31% | Scavenger-Mutant Dominant Class ---------------- Mutant | -10/Materials Mutant | -10/Mines Mutant | -9/Materials Mutant | -9/Mines Mutant | -8/Materials Mutant | -7/Factory Scavenger-Mutant | -7/Garrison Mutant | -7/Factory Mutant | -7/Lower Caves Resources | -11 -10 -10 -9 -9 -8 -7 -7 -7 -7 ----------- Run | Yrd Mat Min Mat Min Mat Fac Gar Fac Low Matter Collected 1203 | 88 27 . 349 131 103 . 380 67 58 Remotely . | . . . . . . . . . . Salvage Created 1610 | . 27 . 325 186 469 . 490 67 46 Parts 91 | . 3 . 27 17 17 . 19 4 4 Haulers Intercepted 1 | . . . 1 . . . . . . Recyclers Shooed . | . . . . . . . . . . Parts Field Recycled . | . . . . . . . . . . Retrieved Matter . | . . . . . . . . . . Parts Self-Destructed 4 | . . . . . . . . . 4 Prevented 2 | . . . . . . . . . 2 Kills | -11 -10 -10 -9 -9 -8 -7 -7 -7 -7 ------- Run | Yrd Mat Min Mat Min Mat Fac Gar Fac Low Combat Hostiles Destroyed 38 | . . . 8 7 8 . 12 1 2 Melee 8 | . . . . . 1 . 7 . . Guns 11 | . . . 6 2 . . . 1 2 Cannons 10 | . . . 2 2 2 . 4 . . AOE 4 | . . . . 3 . . 1 . . Classes Destroyed 11 | . 1 . 5 1 2 . 2 . . Worker 1 | . . . . 1 . . . . . Builder 2 | . . . 1 . 1 . . . . Hauler 1 | . . . 1 . . . . . . Recycler 1 | . . . . . 1 . . . . Watcher 1 | . 1 . . . . . . . . Swarmer 14 | . . . 4 4 . . 4 . 2 Grunt 11 | . . . 1 3 4 . 3 . . Duelist 1 | . . . . . . . 1 . . Sentry 6 | . . . 3 . 2 . . 1 . Hunter 4 | . . . . . 2 . 2 . . Programmer 2 | . . . . . . . 2 . . Best Kill Streak 7 | . 1 . 7 5 4 . 4 1 2 Combat Bots Only 6 | . . . 6 4 3 . 4 1 2 Max Kills in Single Turn 4 | . 1 . 2 4 1 . 1 1 1 Gunslinging 1 | . . . 1 . . . . . . Exploded 2 | . . . . 2 . . 1 . . Melee 1 | . . . . . 1 . 1 . . Uniques/NPCs Destroyed . | . . . . . . . . . . Combat | -11 -10 -10 -9 -9 -8 -7 -7 -7 -7 -------- Run | Yrd Mat Min Mat Min Mat Fac Gar Fac Low Hostile Shots Fired 428 | . . . 44 17 101 . 165 63 38 Missed 138 | . . . 15 6 27 . 52 23 15 Damage Taken 4392 | . . . 298 107 972 . 2299 370 346 Core 882 | . . . 63 3 105 . 461 144 106 Absorbed by Shields 314 | . . . 32 42 155 . 85 . . Core Remaining (%) 90 | 100 . 100 . 83 80 . . . . Volleys Fired 126 | . 1 . 29 8 39 . 32 8 9 Largest 2 | . 2 . 2 2 2 . 2 2 2 Hottest 128 | . 40 . 88 113 113 . 128 91 91 Shots Fired 192 | . 2 . 58 16 43 . 50 14 9 Gun 95 | . 2 . 45 8 6 . 11 14 9 Cannon 91 | . . . 13 6 37 . 35 . . Launcher 5 | . . . . 2 . . 3 . . Special 1 | . . . . . . . 1 . . Kinetic 62 | . 2 . 45 . . . . 7 8 Thermal 104 | . . . 13 6 39 . 38 7 1 Explosive 2 | . . . . 2 . . . . . Electromagnetic 23 | . . . . 8 4 . 11 . . Robot Hit Streak 14 | . 1 . 9 14 4 . 5 6 2 Robot Miss Streak 15 | . . . 4 1 3 . 3 2 15 Penetration Max . | . . . . . . . . . . Secondary Targets 2 | . . . 2 . . . . . . Max Gunslinging Chain 1 | . . . 1 . . . . . . Shots Hit Robots 150 | . 1 . 37 10 40 . 46 11 5 Core Hits 77 | . 1 . 16 13 13 . 24 3 7 Critical Kills 3 | . . . . . 3 . . . . Critical Parts Destroyed 4 | . . . . . 4 . . . . Critical Strikes 12 | . . . . . 9 . 3 . . Meltdown 2 | . . . . . 2 . . . . Smash 7 | . . . . . 7 . . . . Sever 3 | . . . . . . . 3 . . Melee Attacks 54 | . . . . . 17 . 34 3 . Impact 18 | . . . . . 17 . 1 . . Slashing 33 | . . . . . . . 33 . . Piercing . | . . . . . . . . . . Sneak Attacks 2 | . . . . . 2 . . . . Combat Hostiles . | . . . . . . . . . . Follow-up Attacks . | . . . . . . . . . . Damage Inflicted 3597 | 1 13 . 515 387 1054 . 1317 230 80 Guns 970 | . 13 . 373 110 100 . 89 205 80 Cannons 1123 | . . . 142 82 411 . 488 . . Explosions 379 | . . . . 195 . . 184 . . Melee 1093 | . . . . . 537 . 556 . . Ramming 32 | 1 . . . . 6 . . 25 . Kinetic 586 | . 13 . 373 . . . . 120 80 Thermal 1254 | . . . 142 82 440 . 505 85 . Explosive 195 | . . . . 195 . . . . . Electromagnetic 437 | . . . . 110 71 . 256 . . Impact 566 | . . . . . 537 . 29 . . Slashing 527 | . . . . . . . 527 . . Piercing . | . . . . . . . . . . Highest Corruption 69 | . . . . 2 1 . 66 69 69 Average Corruption 24 | . . . . 2 1 . 17 67 69 Corruption Purged . | . . . . . . . . . . Corruption Blocked . | . . . . . . . . . . Effects 60 | . . . . . 2 . 36 15 7 Message Errors 18 | . . . . . 1 . 11 4 2 Matter Fused 14 | . . . . . . . 12 1 1 Heat Flow Errors 6 | . . . . . 1 . 3 1 1 Energy Discharges 9 | . . . . . . . 3 5 1 Data Loss (minor) 6 | . . . . . . . 4 2 . Misdirections 2 | . . . . . . . 2 . . Weapon Failures 5 | . . . . . . . 1 2 2 Overload Shots . | . . . . . . . . . . Overflow Damage 224 | . . . . 2 159 . 63 . . Projectiles 2 | . . . . 2 . . . . . Explosions 13 | . . . . . . . 13 . . Melee 209 | . . . . . 159 . 50 . . Knockbacks 2 | . . . . . 2 . . . . Impact 2 | . . . . . 2 . . . . Kinetic . | . . . . . . . . . . Secondary . | . . . . . . . . . . Self-Inflicted Damage 101 | . . . . 12 . . 66 23 . Shots 4 | . . . . 1 . . 3 . . Rammed 3 | 1 . . 1 . . . . 1 . Targets Rammed 6 | 1 . . 1 . 3 . . 1 . Kicked 3 | . . . . . 3 . . . . Crushed . | . . . . . . . . . . Highest Temperature 268 | . . . 78 198 180 . 249 268 150 Average Temperature 74 | . . . 35 90 57 . 122 63 83 Received Heat Transfer 553 | . . . 63 40 246 . 108 96 . Siege Activations . | . . . . . . . . . . Robots Corrupted 4 | . . . . . 4 . . . . Combat Hostiles 3 | . . . . . 3 . . . . Parts Fried 4 | . . . . . 4 . . . . Impact Corruptions 9 | . . . . . 9 . . . . Robots Melted 2 | . . . . . 2 . . . . Combat Hostiles 2 | . . . . . 2 . . . . Parts Melted 5 | . . . . . 2 . 1 2 . Heat Transferred 2181 | . . . 259 148 775 . 814 185 . Parts Sabotaged . | . . . . . . . . . . Parts Stolen . | . . . . . . . . . . Parts Stripped . | . . . . . . . . . . Power Chain Reactions . | . . . . . . . . . . Alert | -11 -10 -10 -9 -9 -8 -7 -7 -7 -7 ------- Run | Yrd Mat Min Mat Min Mat Fac Gar Fac Low Peak Influence 397 | . 7 2 397 271 270 91 320 131 . Initial 105 | . . 2 . 91 105 91 73 96 . Average 163 | . 3 2 223 176 168 91 190 103 . Maximum Alert Level 1 | . . . 1 1 1 . 1 . . Low Security (%) 67 | 100 100 100 41 82 76 100 56 100 . Level 1 32 | . . . 58 17 23 . 43 . . Level 2 . | . . . . . . . . . . Level 3 . | . . . . . . . . . . Level 4 . | . . . . . . . . . . Level 5 . | . . . . . . . . . . High Security . | . . . . . . . . . . Max Security . | . . . . . . . . . . Squads Dispatched 6 | . 3 . 1 . 2 . . . . Investigation 2 | . 2 . . . . . . . . Extermination . | . . . . . . . . . . Reinforcement 4 | . 1 . 1 . 2 . . . . Assault . | . . . . . . . . . . Garrison . | . . . . . . . . . . Intercept . | . . . . . . . . . . Searches Triggered . | . . . . . . . . . . Construction Impeded . | . . . . . . . . . . Haulers Reinforced . | . . . . . . . . . . Active Scanning Responses . | . . . . . . . . . . Cargo Convoy Interrupts . | . . . . . . . . . . Stealth | -11 -10 -10 -9 -9 -8 -7 -7 -7 -7 --------- Run | Yrd Mat Min Mat Min Mat Fac Gar Fac Low Distress Signals 3 | . . . 1 . 2 . . . . Communications Jammed . | . . . . . . . . . . Distress Signals . | . . . . . . . . . . Times Spotted 61 | . 2 . 13 7 19 . 15 1 4 Peak Tracking Total 6 | . 2 . 5 4 4 . 6 1 4 Tactical Retreats 7 | . . . 3 . 1 . 2 . 1 Traps | -11 -10 -10 -9 -9 -8 -7 -7 -7 -7 ------- Run | Yrd Mat Min Mat Min Mat Fac Gar Fac Low Traps Triggered 11 | . 1 . 4 . . . 6 . . Indirectly . | . . . . . . . . . . Trap Hack Attempts . | . . . . . . . . . . Triggered . | . . . . . . . . . . Disarmed 6 | . 6 . . . . . . . . Reprogrammed . | . . . . . . . . . . Reused . | . . . . . . . . . . Traps Extracted . | . . . . . . . . . . Installed . | . . . . . . . . . . Triggered 1 | . . . . . . . . . 1 Machines | -11 -10 -10 -9 -9 -8 -7 -7 -7 -7 ---------- Run | Yrd Mat Min Mat Min Mat Fac Gar Fac Low Machines Disabled 3 | . . . . . 1 . 2 . . Max in Single Turn 1 | . . . . . 1 . 1 . . Garrison Relay 1 | . . . . . . . 1 . . Machines Repaired . | . . . . . . . . . . Machines Dismantled . | . . . . . . . . . . Machines Sabotaged . | . . . . . . . . . . Overloaded Fab Kills . | . . . . . . . . . . Hacking | -11 -10 -10 -9 -9 -8 -7 -7 -7 -7 --------- Run | Yrd Mat Min Mat Min Mat Fac Gar Fac Low Machines Accessed 4 | . 1 . 1 . 1 1 . . . Terminals 2 | . 1 . . . 1 . . . . Fabricators . | . . . . . . . . . . Repair Stations . | . . . . . . . . . . Recycling Units 1 | . . . 1 . . . . . . Scanalyzers . | . . . . . . . . . . Garrison Access 1 | . . . . . . 1 . . . Total Hacks 12 | . 5 . 2 . 1 4 . . . Successful 4 | . 2 . 1 . . 1 . . . Failed 8 | . 3 . 1 . 1 3 . . . Catastrophic 1 | . . . . . 1 . . . . Database Lockouts . | . . . . . . . . . . Manual 6 | . 5 . . . 1 . . . . Terminals 6 | . 5 . . . 1 . . . . Fabricators . | . . . . . . . . . . Repair Stations . | . . . . . . . . . . Recycling Units 2 | . . . 2 . . . . . . Scanalyzers . | . . . . . . . . . . Garrison Access 4 | . . . . . . 4 . . . Terminal Hacks 2 | . 2 . . . . . . . . Disarm Traps 1 | . 1 . . . . . . . . Recall Investigation 1 | . 1 . . . . . . . . Fabricator Hacks . | . . . . . . . . . . Repair Station Hacks . | . . . . . . . . . . Recycling Unit Hacks 1 | . . . 1 . . . . . . Report Inventory 1 | . . . 1 . . . . . . Scanalyzer . | . . . . . . . . . . Garrison Access Hacks 1 | . . . . . . 1 . . . Unlock Access 1 | . . . . . . 1 . . . Unauthorized Hacks . | . . . . . . . . . . Terminals . | . . . . . . . . . . Fabricators . | . . . . . . . . . . Repair Stations . | . . . . . . . . . . Recycling Units . | . . . . . . . . . . Scanalyzers . | . . . . . . . . . . Garrison Access . | . . . . . . . . . . Data Cores Recovered . | . . . . . . . . . . Used . | . . . . . . . . . . Hacking Detections 4 | . 1 . 1 . 1 1 . . . Full Trace Events 1 | . 1 . . . . . . . . Feedback Events . | . . . . . . . . . . Feedback Blocked . | . . . . . . . . . . Robot Schematics Acquired . | . . . . . . . . . . Robots Built . | . . . . . . . . . . Authchips . | . . . . . . . . . . Time . | . . . . . . . . . . Total Robot Build Rating . | . . . . . . . . . . Part Schematics Acquired . | . . . . . . . . . . Parts Built . | . . . . . . . . . . Authchips . | . . . . . . . . . . Time . | . . . . . . . . . . Total Part Build Rating . | . . . . . . . . . . Parts Repaired . | . . . . . . . . . . Time . | . . . . . . . . . . Parts Recycled . | . . . . . . . . . . Recycled Matter . | . . . . . . . . . . Retrieved Matter . | . . . . . . . . . . Retrieved Components . | . . . . . . . . . . Parts Scanalyzed . | . . . . . . . . . . Part Schematics Acquired . | . . . . . . . . . . Parts Damaged . | . . . . . . . . . . Bothacking | -11 -10 -10 -9 -9 -8 -7 -7 -7 -7 ------------ Run | Yrd Mat Min Mat Min Mat Fac Gar Fac Low Used RIF Installer 1 | . . . . . . . 1 . . Robots Hacked 1 | . . . . . . . 1 . . Non-combat . | . . . . . . . . . . Combat 1 | . . . . . . . 1 . . Robot Hacks Applied 1 | . . . . . . . 1 . . parse_system 1 | . . . . . . . 1 . . Relay Couplers Released 5 | . . . . . . . 5 . . Machine Destruction 5 | . . . . . . . 5 . . Attached 2 | . . . . . . . . 2 . Fabnet Peak Effective % . | . . . . . . . . . . Robots Rewired . | . . . . . . . . . . Allies Hacked . | . . . . . . . . . . Hacks Repelled . | . . . . . . . . . . Allies | -11 -10 -10 -9 -9 -8 -7 -7 -7 -7 -------- Run | Yrd Mat Min Mat Min Mat Fac Gar Fac Low Total Allies 2 | . . 1 . . . . . . 1 Largest Group 1 | . . 1 1 . . . . . 1 Highest-Rated Group 180 | . . 31 31 . . . . . 180 Highest-Rated Ally 180 | . . 31 31 . . . . . 180 Total Orders . | . . . . . . . . . . Ally Attacks 11 | . . . 11 . . . . . . Total Damage 170 | . . . 170 . . . . . . Kills 4 | . . . 4 . . . . . . Allies Corrupted . | . . . . . . . . . . Allies Melted . | . . . . . . . . . . Intel | -11 -10 -10 -9 -9 -8 -7 -7 -7 -7 ------- Run | Yrd Mat Min Mat Min Mat Fac Gar Fac Low Robot Analysis Total . | . . . . . . . . . . Derelict Logs Recovered 2 | . . 1 . 1 . . . . . Drone Launches . | . . . . . . . . . . Drone Recoveries . | . . . . . . . . . . Exploration | -11 -10 -10 -9 -9 -8 -7 -7 -7 -7 ------------- Run | Yrd Mat Min Mat Min Mat Fac Gar Fac Low Turns Passed 2942 | 55 197 49 602 106 602 40 947 225 119 Spaces Moved 1878 | 29 119 31 383 61 326 29 579 263 58 Core 34 | 5 . . . . . . 25 4 . Treads 294 | 24 119 31 46 . . . . 16 58 Legs 1307 | . . . 337 61 326 29 554 . . Wheels . | . . . . . . . . . . Hover 243 | . . . . . . . . 243 . Flight . | . . . . . . . . . . Fastest Speed 50 | 50 160 160 120 120 120 120 50 60 160 Average Speed 119 | 153 160 160 124 120 121 121 122 67 160 Slowest Speed 600 | 160 160 160 160 120 190 122 600 160 160 Overloaded Moves . | . . . . . . . . . . Propulsion Burnouts . | . . . . . . . . . . Robots Hopped . | . . . . . . . . . . Cave-ins Triggered . | . . . . . . . . . . Exploration Rate (%) 17 | 4 29 9 22 22 32 1 41 3 14 Regions Visited 9 Branch Regions 3 Pre-discovered Areas . | . . . . . . . . . . Known Exits Taken 3 | . 1 1 . . . 1 . . . Unknown Exits Taken 5 | 1 . . 1 1 1 . . 1 . Scrap Searched 2 | . . . . 1 . . . . 1 Spaces Dug 2 | . . . . . . . 2 . . Terrain Destroyed 12 | . . . . 10 . . 2 . . Melee 2 | . . . . . . . 2 . . Projectile . | . . . . . . . . . . AOE 10 | . . . . 10 . . . . . Terrain Rammed 4 | . . . . . . . . 4 . Walls Destroyed . | . . . . . . . . . . Machines Disabled . | . . . . . . . . . . Actions | -11 -10 -10 -9 -9 -8 -7 -7 -7 -7 --------- Run | Yrd Mat Min Mat Min Mat Fac Gar Fac Low Total 2267 | 36 123 31 444 77 455 33 703 292 73 Wait 39 | . . . . 2 31 . 4 . 2 Move 1870 | 29 118 30 382 60 325 29 577 262 58 Hop . | . . . . . . . . . . Pick Up 33 | 1 3 1 7 1 9 . 8 2 1 Fast Attach 54 | 6 1 . 15 2 9 1 14 5 1 Attach 22 | . . . . . 5 1 10 5 1 Detach 8 | . . . 2 . 2 . 3 1 . Swap 13 | . . . 1 2 3 1 5 . 1 Drop 26 | . . . 7 2 12 1 3 1 . Fire 126 | . 1 . 29 8 39 . 32 8 9 Melee 54 | . . . . . 17 . 34 3 . Ram 6 | . . . 1 . . . . 5 . Kick 3 | . . . . . 3 . . . . Crush . | . . . . . . . . . . Escape Stasis 13 | . . . . . . . 13 . . Rewire . | . . . . . . . . . . Trap . | . . . . . . . . . . Miscellaneous . | . . . . . . . . . . Route ------- -11/Scrapyard -10/Materials -10/Mines -9/Materials -9/Mines -8/Materials -7/Factory -7/Garrison -7/Factory -7/Lower Caves History --------- Turn | Location | Event 17 | -11/Scrapyard | Discovered new exit (range 16) 56 | -11/Scrapyard | Entered Materials 193 | -10/Materials | Discovered new exit (range 13) 251 | -10/Materials | Identified exit to Mines 253 | -10/Materials | Entered Mines 256 | -10/Mines | Received a Mining Laser from a helpful Derelict 285 | -10/Mines | Discovered new exit (range 9) 288 | -10/Mines | Learned Materials terminal intel 299 | -10/Mines | Identified exit to Materials 301 | -10/Mines | Build established: Mutant 302 | -10/Mines | Entered Materials 302 | -9/Materials | Accompanied by 1 ally 302 | -9/Materials | Evolved 2 slots: Propulsion x1, Utility x1 303 | -9/Materials | Loaded intel: 12 terminal locations 563 | -9/Materials | Discovered new exit (range 12) 904 | -9/Materials | Entered Mines 907 | -9/Mines | Learned Materials trap positions 930 | -9/Mines | Met a Derelict bent on vengeance 947 | -9/Mines | Found a hidden stash of uninstalled traps 991 | -9/Mines | Discovered new exit (range 8) 1010 | -9/Mines | Entered Materials 1010 | -8/Materials | Evolved 2 slots: Propulsion x1, Utility x1 1011 | -8/Materials | Loaded intel: 21 trap records 1448 | -8/Materials | Discovered new exit (range 11) 1563 | -8/Materials | Lost 3 parts (1n1u1w) 1612 | -8/Materials | Entered Factory 1612 | -7/Factory | Evolved 2 slots: Power x1, Utility x1 1652 | -7/Factory | Identified exit to Garrison 1652 | -7/Factory | Entered Garrison 1663 | -7/Garrison | Installed Relay Interface Framework 1698 | -7/Garrison | Triggered checkpoint 1802 | -7/Garrison | Triggered checkpoint 1914 | -7/Garrison | System corruption reached 10% 1920 | -7/Garrison | Lost 9 parts (1p5n2u1w) 2004 | -7/Garrison | Garrison Relay disabled 2152 | -7/Garrison | Build established: Scavenger-Mutant 2268 | -7/Garrison | Triggered checkpoint 2419 | -7/Garrison | Lost 4 parts (2p2n) 2541 | -7/Garrison | Triggered checkpoint 2549 | -7/Garrison | System corruption reached 30% 2581 | -7/Garrison | Core integrity fell below 50% 2593 | -7/Garrison | Discovered new exit (range 10) 2599 | -7/Garrison | Entered Factory 2617 | -7/Factory | Lost 15 parts (2p4n5u4w) 2762 | -7/Factory | Discovered new exit (range 5) 2778 | -7/Factory | Core integrity fell below 20% 2824 | -7/Factory | Entered Lower Caves 2852 | -7/Lower Caves | Build established: Mutant 2943 | -7/Lower Caves | 7V-RTL showed up to help 2943 | -7/Lower Caves | Destroyed by S-27 Virus with Autogun Last Messages --------------- 02877_ Acquired Imp. Heat Sink. 02885_ DL3FTY/DOBGT7SKLRNQN: